AoeStats
← кислород

Arabia

509123928Analyzed
1v1 RM · 6d ago on Sep 25, 2026· 47m 8s· 2 players
Game mode
Random Map
Map size
Tiny (2 player)
Population
200
Speed
Normal
Resources
Standard
Victory
Conquest
Starting age
Dark Age
Ending age
Imperial Age
RankedLock teamsTeams togetherTeam positionsShared explorationLock speedFull tech treeHidden civsTurbo modeCheats
Victory
Defeat
🇨🇳 Magyars · China
2153
+13
🇨🇦 Khitans · Canada
2090
-13
кислород
12:09 Feudal Age
10:26 Loom
12:54 Double-Bit Axe
12:50 Domestication
14:07 Forging
20:43 Castle Age
18:51 Scale Barding Armor
20:52 Town Watch
21:43 Wheelbarrow
20:48 Light Cavalry
22:55 Bow Saw
23:01 Husbandry
23:27 Chain Barding Armor
33:18 Imperial Age
31:34 Pastoralism
33:54 Iron Casting
33:28 Fletching
34:39 Plate Barding Armor
35:01 Ordo Cavalry
35:48 Guilds
35:52 Fletching
36:46 Conscription
35:56 Hussar
37:10 Masonry
38:18 Bodkin Arrow
41:05 Elite Steppe Lancer
41:53 Gold Mining
Zionic
6:28 Loom
8:56 Feudal Age
10:52 Double-Bit Axe
19:22 Castle Age
17:05 Horse Collar
17:16 Gold Mining
18:24 Bloodlines
19:56 Fletching
20:07 Husbandry
20:54 Padded Archer Armor
20:51 Bodkin Arrow
21:18 Padded Archer Armor
22:58 Ballistics
24:40 Bow Saw
28:54 Wheelbarrow
33:14 Imperial Age
31:08 Heavy Plow
31:45 Thumb Ring
32:43 Gold Shaft Mining
31:59 Stone Mining
33:55 Bracer
33:56 Recurve Bow
34:57 Chemistry
35:55 Two-Man Saw
35:25 Crop Rotation
35:26 Parthian Tactics
35:17 Leather Archer Armor
35:21 Heavy Cavalry Archer
37:41 Ring Archer Armor
37:16 Scale Barding Armor
37:44 Murder Holes
37:59 Masonry
39:10 Corvinian Army
39:16 Scale Barding Armor
39:32 Conscription
39:49 Crop Rotation
39:26 Elite Magyar Huszar
40:27 Chain Barding Armor
41:02 Hand Cart
42:17 Plate Barding Armor
43:57 Siege Engineers
47:47 Hoardings
46:42 Sappers
Connection lost

Rejoining the realm…

Still unreachable

The connection could not be restored.

Session expired

The server has moved on; the page needs a fresh start.